AoeStats
← ibreks

Fortress

508321784Analyzed
3v3 RM · 12d ago on Sep 21, 2026· 79m 7s· 6 players
Game mode
Random Map
Map size
Large (8 player)
Population
200
Speed
Normal
Resources
Standard
Victory
Conquest
Starting age
Dark Age
Ending age
Imperial Age
RankedLock teamsTeams togetherTeam positionsShared explorationLock speedFull tech treeHidden civsTurbo modeCheats
Victory
Defeat
🇨🇱 Khmer · Chile
844
+15
🇮🇹 Byzantines · Italy
812
+16
🇹🇷 Bohemians · Türkiye
797
+17
🇺🇸 Mongols · United States
934
-58
🇺🇸 Britons · United States
762
-14
🇺🇸 Muisca · United States
743
-13
StrawbrryShakes
8:35 Loom
10:45 Feudal Age
12:05 Wheelbarrow
12:19 Horse Collar
18:38 Castle Age
17:14 Double-Bit Axe
17:22 Gold Mining
17:56 Stone Mining
20:20 Heavy Plow
20:24 Town Watch
21:59 Bow Saw
22:25 Gold Shaft Mining
23:06 Hand Cart
24:29 Stone Shaft Mining
32:51 Imperial Age
36:10 Imperial Age
37:21 Imperial Age
40:43 Fletching
40:54 Padded Archer Armor
41:04 Thumb Ring
42:43 Crop Rotation
43:32 Two-Man Saw
42:18 Crossbowman
43:53 Bodkin Arrow
44:28 Leather Archer Armor
46:13 Bracer
48:13 Arbalester
50:09 Squires
50:28 Forging
50:19 Scale Mail Armor
68:10 Pikeman
ibreks
7:15 Feudal Age
6:25 Loom
12:22 Castle Age
12:59 Double-Bit Axe
13:27 Fletching
13:39 Padded Archer Armor
15:22 Bodkin Arrow
21:59 Leather Archer Armor
24:19 Wheelbarrow
24:34 Town Watch
26:16 Hand Cart
30:39 Imperial Age
32:08 Warwolf
34:02 Bracer
34:32 Ring Archer Armor
35:18 Ballistics
36:01 Chemistry
37:34 Ring Archer Armor
37:36 Onager
39:19 Conscription
39:25 Conscription
41:18 Elite Longbowman
59:41 Murder Holes
60:28 Hoardings
Ramranchcrack
12:04 Feudal Age
18:12 Castle Age
17:43 Padded Archer Armor
18:00 Double-Bit Axe
18:12 Gold Mining
19:47 Wheelbarrow
19:22 Elite Skirmisher
20:48 Pikeman
33:46 Imperial Age
41:46 Capped Ram
42:36 Scale Mail Armor
51:42 Horse Collar
ildemo
0:28 Loom
11:13 Feudal Age
12:33 Wheelbarrow
11:58 Horse Collar
12:19 Double-Bit Axe
12:40 Gold Mining
12:43 Stone Mining
19:55 Castle Age
20:37 Heavy Plow
20:57 Hand Cart
21:18 Thumb Ring
21:12 Elite Skirmisher
23:47 Man-at-Arms
24:19 Gambesons
31:39 Bow Saw
34:14 Gold Shaft Mining
34:14 Stone Shaft Mining
33:46 Light Cavalry
39:10 Imperial Age
39:41 Forging
39:32 Scale Mail Armor
39:32 Padded Archer Armor
39:23 Fletching
39:38 Scale Barding Armor
40:42 Conscription
42:04 Cavalier
44:47 Chain Barding Armor
45:04 Iron Casting
44:24 Bodkin Arrow
44:45 Leather Archer Armor
46:13 Chemistry
45:34 Ballistics
Bossman 9
8:54 Feudal Age
7:12 Loom
12:11 Castle Age
10:29 Double-Bit Axe
10:26 Horse Collar
13:13 Bloodlines
14:35 Heavy Plow
17:41 Gold Mining
19:38 Husbandry
19:50 Forging
19:46 Scale Barding Armor
22:07 Fletching
22:17 Padded Archer Armor
23:29 Ballistics
24:58 Bodkin Arrow
25:19 Leather Archer Armor
25:49 Elite Skirmisher
30:28 Imperial Age
28:49 Wheelbarrow
29:55 Iron Casting
32:03 Hand Cart
31:35 Town Watch
32:24 Crop Rotation
32:48 Conscription
33:07 Gold Shaft Mining
35:19 Bracer
35:49 Ring Archer Armor
37:38 Light Cavalry
38:46 Double Crossbow
38:15 Hussar
44:34 Chemistry
43:01 Heavy Scorpion
44:41 Chain Barding Armor
50:35 Bow Saw
52:07 Plate Barding Armor
52:33 Blast Furnace
74:19 Spies/Treason
76:42 Capped Ram
76:46 Onager
SonOfRain
10:24 Feudal Age
10:47 Horse Collar
14:23 Castle Age
13:45 Double-Bit Axe
17:38 Imperial Age
15:31 Padded Archer Armor
15:25 Fletching
20:27 Chemistry
21:29 Bow Saw
24:30 Wagenburg Tactics
25:41 Elite Hussite Wagon
27:49 Ballistics
27:37 Siege Engineers
28:49 Leather Archer Armor
28:30 Bodkin Arrow
30:03 Conscription
35:50 Wheelbarrow
35:01 Town Watch
41:15 Hand Cart
41:01 Town Patrol
41:47 Ring Archer Armor
41:18 Bracer
41:32 Masonry
41:03 Treadmill Crane
44:51 Houfnice
49:03 Architecture
Connection lost

Rejoining the realm…

Still unreachable

The connection could not be restored.

Session expired

The server has moved on; the page needs a fresh start.